 Dungeon Crawl Stone Soup version 0.14-a0-2052-gb76ddfe (webtiles) character file.

349 Herrn the Skirmisher (level 5, 0/45 HPs)
             Began as a Djinni Fighter on Jan 20, 2014.
             Slain by a black bear (2 damage)
             ... on Level 3 of the Dungeon.
             The game lasted 00:06:43 (2409 turns).

Herrn the Skirmisher (Djinni Fighter)               Turns: 2409, Time: 00:06:43

HP   0/45        AC  6     Str 17      XL: 5   Next: 73%
MP   0/0         EV  9     Int  8      God:
Gold 118         SH 18     Dex 13      Spells:  0 memorised,  4 levels left

rFire  + + +     SeeInvis .     a - +0 falchion
rCold  x . .     Clarity  .     b - +0 scale mail
rNeg   + + +     Conserve .     c - +0 shield
rPois  .         rCorr    .     (no helmet)
rElec  .         rRot     .     (no cloak)
SustAb + .       Spirit   .     (no gloves)
rMut   .         Warding  .     (boots unavailable)
Saprov . . .     Stasis   .     (no amulet)
MR     .....                    r - ring of sustain abilities
                                d - +3 ring of evasion

@: flying, not resistant to hostile enchantments, extremely unstealthy
A: fire immunity, cold vulnerability, life protection 3
a: no special abilities


You were on level 3 of the Dungeon.
You were not hungry.

You visited 1 branch of the dungeon, and saw 3 of its levels.

You collected 118 gold pieces.

Inventory:

Hand weapons
 a - a +0,+0 falchion (weapon)
 e - a +0,+0 orcish falchion
Armour
 b - a +0 scale mail (worn)
 c - a +0 shield (worn)
Magical devices
 m - a wand of fireball (0)
Scrolls
 f - a scroll of noise {unknown}
 h - 2 scrolls of identify
 i - a scroll of teleportation {unknown}
 l - a scroll of remove curse {unknown}
 n - a scroll of curse weapon {unknown}
 o - a scroll of magic mapping {unknown}
 p - a scroll of fear {unknown}
 q - a scroll of enchant armour {unknown}
Jewellery
 d - a +3 ring of evasion (left hand)
 r - a ring of sustain abilities (right hand)


   Skills:
 * Level 4.8 Fighting
 + Level 3.1 Long Blades
 - Level 3.2 Armour
 - Level 3.0 Shields
 * Level 2.9 Evocations


You had 4 spell levels left.
You didn't know any spells.

Dungeon Overview and Level Annotations

Branches:
Dungeon (3/16)

Altars:


Innate Abilities, Weirdness & Mutations

You are immune to all types of fire, even holy and hellish.
You are vulnerable to cold.
You need no food.
You have no legs.
You are immune to negative energy.


Message History

The black bear claws you.
* * * LOW HITPOINT WARNING * * *
You hit the black bear.
The black bear is severely wounded.
The black bear barely misses you. The black bear closely misses you.
The black bear barely misses you.
You hit the black bear but do no damage.
The black bear is severely wounded.
The black bear barely misses you.
The black bear claws you but does no damage.
The black bear claws you.
* * * LOW HITPOINT WARNING * * *
You hit the black bear but do no damage.
The black bear is severely wounded.
The black bear barely misses you.
The black bear claws you but does no damage.
You barely miss the black bear.
The black bear is severely wounded.
The black bear bites you.
You die...

######## #P...P.# .
#(≈≈≈≈.#
..)..#######≈≈≈≈≈.#
.......U@....≈≈≈≈P#
......######..≈≈..#
... #......# #
###...## #...#
###.# #.# #.# #)#


You could see a black bear.

Vanquished Creatures
  Sigmund (D:2)
  A hound zombie (D:3)
  An ogre skeleton (D:3)
  A hound skeleton (D:3)
  3 gnolls (D:2)
  3 adders
  A worm (D:3)
  A giant gecko (D:1)
  4 orcs (D:3)
  A ball python (D:2)
  A bat zombie (D:3)
  A giant cockroach (D:3)
  3 hobgoblins
  A jackal (D:2)
  5 kobolds
  A quokka (D:3)
  9 bats
  2 giant newts
  7 goblins
  A quokka skeleton (D:3)
  5 rats
53 creatures vanquished.

Notes
Turn   | Place    | Note
--------------------------------------------------------------
     0 | D:1      | Herrn, the Djinni Fighter, began the quest for the Orb.
     0 | D:1      | Reached XP level 1. HP: 16/16 MP: 0/0
   561 | D:1      | Reached XP level 2. EP: 23/23
  1024 | D:2      | Reached XP level 3. EP: 28/30
  1024 | D:2      | Reached skill level 1 in Evocations
  1348 | D:2      | Reached skill level 4 in Fighting
  1440 | D:2      | Noticed Sigmund
  1458 | D:2      | Killed Sigmund
  1458 | D:2      | Reached XP level 4. EP: 22/39
  1458 | D:2      | Reached XP level 5. EP: 24/44
  2375 | D:3      | Noticed a black bear
  2398 | D:3      | HP: 2/45 [black bear (5)]
  2405 | D:3      | HP: 2/45 [black bear (1)]
  2409 | D:3      | Slain by a black bear

Action                   |  1- 3 |  4- 6 || total
-------------------------+-------+-------++-------
Melee: Falchion          |   120 |   170 ||   290
Evoke: Wand              |     3 |       ||     3
  Use: Potion            |     1 |     4 ||     5
       Scroll            |       |     2 ||     2
